 Dungeon Crawl Stone Soup version 0.17-a0-1442-g10bb59b (console) character file.

1801 Fusha the Poker (level 9, -3/82 HPs)
             Began as a Naga Gladiator on June 27, 2015.
             Was a Follower of Ru.
             Slain by Menkaure (18 damage)
             ... on level 6 of the Dungeon.
             The game lasted 00:21:57 (6467 turns).

Fusha the Poker (Naga Gladiator)                    Turns: 6467, Time: 00:21:57

Health: -3/82      AC:  6    Str: 25    XL:     9   Next: 9%
Magic:  9/9        EV: 11    Int:  8    God:    Ru [*.....]
Gold:   103        SH:  0    Dex: 14    Spells: 1 memorised, 6 levels left

rFire  . . .     SeeInvis +     i - +1 dagger (holy)
rCold  . . .     Clarity  .     b - +0 leather armour
rNeg   . . .     SustAt   .     (no shield)
rPois  +         Gourm    .     c - +0 helmet
rElec  .         Spirit   .     (no cloak)
rCorr  .         Warding  .     e - +0 pair of gloves
rMut   .         Rnd*Tele +     (no barding)
MR     +....                    (no amulet)
Stlth  +++.......               d - ring of teleportation (curse)
                                g - +6 ring of strength

@: very slow, somewhat resistant to hostile enchantments, fairly stealthy
A: see invisible, deformed body, poison resistance, slowness 2, slow metabolism
1, spit poison 2, hated by all, AC +3
a: Spit Poison, Renounce Religion, Evoke Teleportation


You were on level 6 of the Dungeon.
You worshipped Ru.
Ru was aware of your devotion.
You were not hungry.

You visited 1 branch of the dungeon, and saw 6 of its levels.
You also visited: Sewer.

You collected 219 gold pieces.
You spent 116 gold pieces at shops.

Inventory:

Hand weapons
 a - a +0 trident
 i - a +1 dagger of holy wrath (weapon)
 j - a +1 halberd of pain
 n - a +1 whip of electrocution
 s - a +0 hand axe of freezing
 t - a +1 battleaxe of chopping
Missiles
 o - 8 javelins (quivered)
Armour
 b - a +0 leather armour (worn)
 c - a +0 helmet (worn)
 e - a +0 pair of gloves (worn)
Jewellery
 d - a cursed ring of teleportation (right hand)
 g - a +6 ring of strength (left hand)
 m - an uncursed ring of protection from cold
 w - an uncursed ring of flight
Magical devices
 u - a wand of random effects (26)
 v - a wand of polymorph (5)
Scrolls
 k - 3 scrolls of fear
Potions
 f - 2 potions of might
 h - a potion of ambrosia
 l - a potion of curing {unknown}
 p - a potion of resistance
Books
 r - a book of Minor Magic

   Spells                             Type                      Level
   a - Magic Dart                     Conjuration                  1
   b - Blink                          Translocation                2
   c - Call Imp                       Summoning                    2
   d - Repel Missiles                 Charms/Air                   2
   e - Slow                           Hexes                        2
   f - Conjure Flame                  Conjuration/Fire             3
   g - Mephitic Cloud                 Conjuration/Poison/Air       3
Comestibles
 q - a bread ration


   Skills:
 * Level 5.7 Fighting
 + Level 7.7 Polearms
 - Level 1.7 Throwing
 - Level 4.0 Dodging
 + Level 4.0 Stealth
 - Level 5.1 Translocations


You had 6 spell levels left.
You knew the following spells:

 Your Spells              Type           Power        Failure   Level  Hunger
a - Blink                 Tloc           N/A          12%         2    ###....


Dungeon Overview and Level Annotations

Branches:
Dungeon (6/15)             Temple (0/1) D:6

Altars:
Dithmenos
Fedhas
Ru
Zin

Shops:
D:5 *

Annotations:
D:6 Menkaure


Innate Abilities, Weirdness & Mutations

You cannot wear boots.
Your serpentine skin is tough (AC +3).
You have supernaturally acute eyesight.
Armour fits poorly on your strangely shaped body.
Your system is resistant to poisons.
You cover ground very slowly.
You have a slow metabolism.
You can spit poison.
You are hated by all.


Message History

Menkaure hits you!
You hit Menkaure but do no damage.
Menkaure is almost destroyed.
Menkaure grins.
Menkaure points at you and mumbles some strange words.
Pain shoots through your body!
* * * LOW HITPOINT WARNING * * *
You hit Menkaure.
Menkaure convulses.
Menkaure is almost destroyed.
The kobold hits you with a whip.
* * * LOW HITPOINT WARNING * * *
You closely miss Menkaure.
Menkaure is almost destroyed.
The adder misses you. Menkaure hits you!
* * * LOW HITPOINT WARNING * * *
The kobold hits you but does no damage.
You barely miss Menkaure.
Menkaure is almost destroyed.
The adder barely misses you. Menkaure hits you!!
You die...

#...........#.
#............
#...........#
#...........+ .
#...........#.#
#............#
#...........#.#
#....SK......#
#..)..@.....#.#
#....M.......#
###########.#.#


888 .. > You could see Menkaure, an adder and a kobold.

Vanquished Creatures
  A hornet (D:4)
  2 phantoms (D:5)
  2 centaurs (D:5)
  An ice beast (D:5)
  2 ogres
  A big kobold (D:4)
  2 giant frogs (Sewer)
  An orc priest (D:3)
  A centaur skeleton (D:5)
  A giant frog skeleton (D:5)
  Jessica (D:2)
  Natasha (twice) (D:4)
  2 orc wizards (D:4)
  3 hounds
  4 worker ants
  5 gnolls
  A shadow imp (D:5)
  8 adders
  An adder skeleton (D:5)
  4 worms
  16 orcs
  9 ball pythons
  9 bats
  A bat skeleton (D:5)
  6 giant cockroaches
  8 goblins
  8 hobgoblins
  12 kobolds
  3 quokkas
  4 giant geckos
  A giant gecko zombie (D:5)
  9 giant newts
  3 jackals (D:3)
  A quokka zombie (D:5)
  12 rats
147 creatures vanquished.

Notes
Turn   | Place    | Note
--------------------------------------------------------------
     0 | D:1      | Fusha the Naga Gladiator began the quest for the Orb.
     0 | D:1      | Reached XP level 1. HP: 19/19 MP: 1/1
   191 | D:1      | Reached XP level 2. HP: 24/26 MP: 2/2
  1155 | D:1      | Reached XP level 3. HP: 33/33 MP: 3/3
  1583 | D:2      | Reached skill level 4 in Polearms
  1761 | D:2      | Noticed Jessica
  1766 | D:2      | Killed Jessica
  1766 | D:2      | Reached XP level 4. HP: 38/40 MP: 4/4
  2057 | D:2      | You fall through a shaft!
  2464 | D:3      | Reached XP level 5. HP: 17/49 MP: 5/5
  2653 | D:3      | Reached skill level 5 in Polearms
  3023 | D:3      | Noticed an ogre
  3037 | D:3      | Killed an ogre
  3037 | D:3      | Reached XP level 6. HP: 55/57 MP: 6/6
  3108 | D:4      | Noticed Natasha
  3148 | D:4      | Killed Natasha
  3165 | D:4      | Found a glowing drain.
  3215 | Sewer    | Entered a sewer
  3231 | Sewer    | Reached skill level 6 in Polearms
  3235 | Sewer    | Learned a level 2 spell: Blink
  3372 | Sewer    | Reached skill level 1 in Translocations
  3398 | Sewer    | Reached XP level 7. HP: 38/63 MP: 7/7
  4379 | D:4      | Found a blossoming altar of Fedhas.
  4420 | D:4      | Found a sacrificial altar of Ru.
  4428 | D:4      | Became a worshipper of Ru the Awakened
  4774 | D:4      | Noticed a hornet
  4782 | D:4      | Killed a hornet
  4782 | D:4      | Reached XP level 8. HP: 21/72 MP: 8/8
  4811 | D:4      | Noticed Natasha
  5103 | D:4      | Killed Natasha
  5103 | D:4      | Reached skill level 7 in Polearms
  5196 | D:5      | Entered Level 5 of the Dungeon
  5219 | D:5      | Found Wyroung's Assorted Antiques.
  5519 | D:5      | Reached skill level 5 in Translocations
  5605 | D:5      | Reached skill level 1 in Stealth
  5644 | D:5      | Bought a glowing halberd for 116 gold pieces
  6033 | D:5      | Reached skill level 5 in Fighting
  6255 | D:5      | Found a shadowy altar of Dithmenos.
  6278 | D:5      | Reached XP level 9. HP: 60/81 MP: 9/9
  6333 | D:5      | Found a glowing silver altar of Zin.
  6441 | D:6      | Gained mutation: You are hated by all. [Ru sacrifice]
  6441 | D:6      | Acquired Ru's first power
  6457 | D:6      | Found a staircase to the Ecumenical Temple.
  6458 | D:6      | Noticed Menkaure
  6467 | D:6      | Slain by Menkaure

Vault maps used:
D:1:      ncdulo_halloftheorcs
D:2:      uniq_jessica
D:3:      first_bread, patterned_corridor
D:4:      nicolae_overflow_crystal_walls, lemuel_coloured_pillars_altar,
          portal_sewer_entry_b, grunt_decor_one_mirror, minivault_26,
          uniq_natasha
D:5:      grunt_dithmenos_shadows, zin_scriptorium, serial_shops,
          nicolae_shop_window_shopping
D:6:      yredelemnul_altar_generic, minmay_temple_entry_statues, uniq_menkaure
Sewer:    sewer_frog_island_01

Action                   |  1- 3 |  4- 6 |  7- 9 || total
-------------------------+-------+-------+-------++-------
Melee: Trident           |    81 |     9 |    96 ||   186
       Whip              |     7 |   182 |    87 ||   276
       Halberd           |       |       |   105 ||   105
       Dagger            |       |       |     8 ||     8
Throw: Throwing net      |       |     3 |       ||     3
Invok: Sacrifice Love    |       |       |     1 ||     1
  Use: Potion            |     1 |     1 |     3 ||     5
       Scroll            |       |     4 |     7 ||    11
 Stab: Held in net/web   |       |     1 |       ||     1
       Sleeping          |       |       |     2 ||     2
       Distracted        |       |       |     1 ||     1
  Eat: Bread ration      |     1 |       |     2 ||     3
       Pizza             |       |     1 |       ||     1
       Beef jerky        |       |       |     1 ||     1
